 Dungeon Crawl Stone Soup version 0.28.0 (webtiles) character file.

Game seed: 3096043144480413424

7 Alander the Insei (level 2, 22/23 HPs)
             Began as a Gnoll Transmuter on Feb 13, 2022.
             Quit the game on level 1 of the Dungeon.
             The game lasted 00:01:42 (186 turns).

Alander the Insei (Gnoll Transmuter)                 Turns: 186, Time: 00:01:43

Health: 22/23      AC:  2    Str:  9    XL:     2   Next: 4%
Magic:  7/7        EV: 13    Int: 12    God:
Gold:   13         SH:  0    Dex: 12    Spells: 9/10 levels left

rFire   . . .      SeeInvis .     - Unarmed
rCold   . . .      Faith    .   (no shield)
rNeg    . . .      Spirit   .   a - +0 robe
rPois   .          Reflect  .   (no helmet)
rElec   .          Harm     .   (no cloak)
rCorr   .          Rampage  .   (no gloves)
Will    .....                   (no boots)
Stlth   +.........              (no amulet)
HPRegen 0.07/turn               (no ring)
MPRegen 0.10/turn               (no ring)

@: no status effects
A: fangs 1, strong nose, distributed training
a: no special abilities


You were on level 1 of the Dungeon.
You visited 1 branch of the dungeon, and saw 1 of its levels.

You collected 13 gold pieces.

Inventory:

Armour
 a - a +0 robe (worn)
Potions
 b - 3 potions of lignification {unknown}


   Skills:
 + Level 2.4 Fighting
 + Level 0.2 Short Blades
 + Level 0.2 Long Blades
 + Level 0.2 Axes
 + Level 0.2 Maces & Flails
 + Level 0.2 Polearms
 + Level 0.2 Staves
 + Level 0.2 Slings
 + Level 0.2 Bows
 + Level 0.2 Crossbows
 + Level 0.2 Throwing
 + Level 0.2 Armour
 + Level 4.4 Dodging
 + Level 0.2 Stealth
 + Level 0.2 Shields
 + Level 6.4 Unarmed Combat
 + Level 4.9 Spellcasting
 + Level 0.1 Conjurations
 + Level 0.1 Hexes
 + Level 0.1 Summonings
 + Level 0.1 Necromancy
 + Level 0.1 Translocations
 + Level 3.6 Transmutations
 + Level 0.1 Fire Magic
 + Level 0.1 Ice Magic
 + Level 0.1 Air Magic
 + Level 0.1 Earth Magic
 + Level 0.1 Poison Magic
 + Level 0.3 Invocations
 + Level 0.2 Evocations


You had 9 spell levels left.
You knew the following spells:

 Your Spells              Type           Power      Damage    Failure   Level
a - Beastly Appendage     Tmut           22%        N/A       4%          1

Your spell library contained the following spells:

 Spells                   Type           Power      Damage    Failure   Level
 Wereblood                Tmut           11%        N/A       7%          2
 Spider Form              Tmut/Pois      7%         N/A       28%         3
 Ice Form                 Ice/Tmut       7%         N/A       67%         4


Dungeon Overview and Level Annotations

Branches:
Dungeon (1/15)

Altars:

Shops:
D:1 :


Innate Abilities, Weirdness & Mutations

You have very sharp teeth.
Your uncanny sense of smell can sniff out nearby items.
Your experience applies equally to all skills.


Message History

b - 3 emerald potions (gained 2)
You see here a hobgoblin corpse.
You now have 13 gold pieces (gained 9).
An endoplasm comes into view.
An endoplasm is nearby!
The endoplasm quivers.
You hit the endoplasm.
The endoplasm is almost dead.
The endoplasm hits you.
You punch the endoplasm!
You kill the endoplasm!
There is an entrance to Oweify's Book Shop here.
Found a stone staircase leading down.
You open the door.
Found a dagger.
There is an open door here.
You see here a +0 dagger.
A rat comes into view.
A rat is nearby!
Found 24 stones.
The helpless rat fails to defend itself.
You hit the rat.
The rat is moderately wounded.
The rat barely misses you.
You hit the rat.
You kill the rat!
You have reached level 2!
Found a stone staircase leading down.
A rat comes into view.
A rat is nearby!
The rat bites you.
You hit the rat but do no damage. The rat barely misses you.
You closely miss the rat. The rat bites you but does no damage.
You closely miss the rat. Your punch misses the rat.
The rat bites you but does no damage.
You hit the rat.
You kill the rat!
Things that are here:
24 stones; a rat corpse Are you sure you want to abandon this character and quit the game? (Confirm with "yes".)

#######.###############
............# #........
#######.###.# #........
#.# #.# #........
.#######.# #.# #########
.........###.###########
#.....................
#.....(.##.########...
#....@.>...... .......
#.......##.#.# ####...
#.......##.#.# ####
##########.# # # #.# #
.. # ... ### #


There were no monsters in sight!

Vanquished Creatures
  An endoplasm (D:1)
  3 hobgoblins (D:1)
  A frilled lizard (D:1)
  2 rats (D:1)
7 creatures vanquished.

Notes
Turn   | Place    | Note
-------+----------+-------------------------------------------
     0 | D:1      | Alander the Gnoll Transmuter began the quest for the Orb.
     0 | D:1      | Reached XP level 1. HP: 17/17 MP: 6/6
    94 | D:1      | Found Oweify's Book Shop.
   168 | D:1      | Reached XP level 2. HP: 23/23 MP: 7/7
   186 | D:1      | Quit the game

Illustrated notes

Levels and vault maps discovered:
D:1:      wander_arrival_lonely_grave, layout_basic, serial_shops, shop,
          chequers_serial_rivers_micro_c

Action                   || total
-------------------------++-------
Melee: Unarmed           ||    22
       Bite              ||     3
       Kick              ||     1
 Cast: Beastly Appendage ||     1
  Use: Scroll            ||     1
 Stab: Sleeping          ||     1
Armor: Robe              ||     2
Dodge: Dodged            ||    13
